 Dungeon Crawl Stone Soup version 0.26-a0-259-g1effd001a9 (webtiles) character file.

Game seed: 4095951979027407039

7252 Space443 the Severer (level 10, -2/96 HPs)
             Began as a Minotaur Berserker on July 18, 2020.
             Was a High Priest of Trog.
             Killed from afar by an electric eel (7 damage)
             ... with a bolt of electricity
             ... on level 1 of the Lair of Beasts on July 21, 2020.
             The game lasted 00:27:12 (11148 turns).

Space443 the Severer (Minotaur Berserker)          Turns: 11148, Time: 00:27:12

Health: -2/96      AC: 13    Str: 24    XL:     10   Next: 88%
Magic:  9/9        EV: 10    Int:  6    God:    Trog [*****.]
Gold:   299        SH:  0    Dex:  9    Spells: 9/9 levels left

rFire    + . .     SeeInvis .   D - +4 broad axe (elec)
rCold    . . .     Faith    +   (no shield)
rNeg     + . .     Spirit   .   y - +2 chain mail {rN+}
rPois    .         Reflect  .   (helmet restricted)
rElec    .         Harm     .   (no cloak)
rCorr    +                      a - +0 pair of gloves
MR       .....                  (no boots)
Stlth    ..........             F - amulet of faith {!P}
HPRegen  0.26/turn              i - ring of protection from fire
MPRegen  0.11/turn              m - ring of resist corrosion

@: no status effects
A: retaliatory headbutt, horns 2
a: Berserk, Trog's Hand, Brothers in Arms, Renounce Religion


You were on level 1 of the Lair of Beasts.
You worshipped Trog.
Trog was extremely pleased with you.
You were not hungry.

You visited 3 branches of the dungeon, and saw 11 of its levels.
You also visited: Ossuary.

You collected 619 gold pieces.
You spent 320 gold pieces at shops.

Inventory:

Hand Weapons
 D - a +4 broad axe of electrocution (weapon)
   (You bought it in a shop on level 5 of the Dungeon)
Missiles
 l - 12 poisoned darts (quivered)
 B - 2 boomerangs
 E - 6 datura-tipped darts
Armour
 a - a +0 pair of gloves (worn)
   (You found it on level 3 of the Dungeon)
 y - a +2 chain mail of positive energy (worn)
   (You took it off an orc on level 3 of the Dungeon)
Jewellery
 i - a ring of protection from fire (left hand)
   (You found it on level 4 of the Dungeon)
 m - a ring of resist corrosion (right hand)
   (You found it on level 6 of the Dungeon)
 F - an amulet of faith (around neck) {!P}
   (You found it on level 7 of the Dungeon)
 I - an uncursed ring of ice
   (You found it on level 9 of the Dungeon)
Wands
 d - a wand of iceblast (5)
   (You found it on level 9 of the Dungeon)
 h - a wand of polymorph (23)
   (You found it in an ossuary)
 t - a wand of flame (12)
   (You found it on level 6 of the Dungeon)
 u - a wand of paralysis (5)
   (You found it on level 6 of the Dungeon)
 x - a wand of acid (5)
   (You took it off an orc on level 6 of the Dungeon)
Scrolls
 b - 3 scrolls of teleportation {@r4}
 c - 2 scrolls of fear
 o - 2 scrolls of amnesia
 q - 4 scrolls of identify {@r1}
 s - a scroll of magic mapping
 A - a scroll of immolation {!r}
 C - 5 scrolls of remove curse {@r2}
 G - a scroll of vulnerability {unknown}
Potions
 f - 6 potions of might
 g - 2 potions of mutation {unknown}
 j - a potion of curing {@q1}
 k - 2 potions of flight {unknown}
 n - 3 potions of lignification {!q}
 p - 2 potions of heal wounds {@q2}
 r - a potion of invisibility
 v - a potion of resistance
 w - 4 potions of magic
 z - 2 potions of ambrosia
 H - a potion of stabbing
Comestibles
 e - 27 rations {!d}


   Skills:
 + Level 11.3 Fighting
 * Level 15.0 Axes
 - Level 5.0 Armour
 - Level 5.0 Dodging


You had 9 spell levels left.
You didn't know any spells.
Your spell library was empty.

Dungeon Overview and Level Annotations

Branches:
Dungeon (9/15)             Temple (1/1) D:5            Lair (1/6) D:9
Ossuary (visited)
    Orc: D:9-12

Altars:
Ashenzari
Cheibriados
Dithmenos
Elyvilon
Fedhas
Gozag
Hepliaklqana
Kikubaaqudgha
Makhleb
Nemelex Xobeh
Okawaru
Qazlal
Ru
Sif Muna
Trog
Uskayaw
Vehumet
Wu Jian
Xom
Yredelemnul
Zin
The Shining One
Jiyva

Shops:
D:5 (

Annotations:
D:7 1 runed translucent door, raph's ghost, novice DECj


Innate Abilities, Weirdness & Mutations

You reflexively headbutt those who attack you in melee.
You have a pair of horns on your head.


Message History

The blink frog blinks!
You see here a blink frog corpse.
You are too injured to fight recklessly!
You are too injured to fight recklessly!
You slice the blink frog!!
You kill the blink frog!
Trog accepts your kill.
Your Axes skill increases to level 15!
You slice the blink frog!!
The blink frog hits you but does no damage.
The blink frog hits you!
You miss the blink frog. The blink frog barely misses you.
You furiously retaliate!
You headbutt the blink frog. You slash the blink frog!
You kill the blink frog!
Trog accepts your kill.
You now have 299 gold pieces (gained 13).
An electric eel comes into view.
The electric eel shoots out a bolt of lightning at you!
The bolt of electricity hits you.
An electric eel is nearby!
You are too injured to fight recklessly!
You are too injured to fight recklessly!
The electric eel shoots out a bolt of lightning at you!
The bolt of electricity hits you!
You hit the fungus but do no damage. You slash the electric eel!
You hit the fungus. Lightning courses through the fungus!!
The electric eel shoots out a bolt of lightning at you!
The bolt of electricity hits you!
* * * LOW HITPOINT WARNING * * *
You completely miss the electric eel. You slash the fungus!
You closely miss the electric eel. You slash the fungus!
The electric eel shoots out a bolt of lightning at you!
The bolt of electricity hits you!
* * * LOW HITPOINT WARNING * * *
You miss the electric eel. You slice the fungus!!
You destroy the fungus!
The electric eel shoots out a bolt of lightning at you!
The bolt of electricity hits you!
* * * LOW HITPOINT WARNING * * *
The electric eel shoots out a bolt of lightning at you!
The bolt of electricity hits you!
* * * LOW HITPOINT WARNING * * *
The electric eel shoots out a bolt of lightning at you!
The bolt of electricity hits you.
* * * LOW HITPOINT WARNING * * *
The electric eel shoots out a bolt of lightning at you!
The bolt of electricity hits you!
You die...

##..###......†......
##...####............
###.....# ##..††.......
#.......####........###
#####........P###...####.#
..............##....## #
...............###...# #####
..≈..P≈......P## ##..###....
.≈≈≈≈≈≈....@.## #..#..<...
≈≈≈≈≈P≈....#.# #.....(...
≈P≈≈P≈≈;####.## ##.........
≈P≈≈≈≈P## #..## #..........
≈≈≈≈≈≈≈ ###...# #..........
≈≈≈≈≈P≈♣##P##.## #..........
≈≈≈≈≈≈≈♣......## #..........
≈≈≈≈≈≈≈♣.......# #..........
≈≈≈≈≈≈♣♣.......##P..........


You could see an electric eel.

Vanquished Creatures
  A two-headed ogre (D:9)
  Pikel (D:7)
  The ghost of mortelune the Slasher, a novice FoAK of Lugonu (D:8)
  2 trolls (D:9)
  A hornet (D:8)
  5 blink frogs (Lair:1)
  A hippogriff (D:9)
  A slime creature (D:8)
  A wyvern (D:8)
  2 yaks (D:6)
  A human (D:8)
  Grum (D:8)
  A porcupine (Lair:1)
  2 sky beasts
  An orc warrior (D:9)
  An ice beast (D:7)
  3 ogres
  A phantom (D:5)
  3 wolves (D:8)
  7 centaurs
  A big kobold (D:9)
  An elf zombie (Ossuary)
  3 bullfrogs (D:7)
  A wyvern zombie (D:9)
  A scorpion (D:4)
  5 killer bees
  2 howler monkeys
  3 hounds
  5 jellies
  2 orc wizards
  An orc priest (D:3)
  A human zombie (Ossuary)
  An iguana (D:5)
  4 worker ants
  3 killer bee zombies
  2 hound zombies (Ossuary)
  4 mummies (Ossuary)
  Robin (D:3)
  10 adders
  7 gnolls
  2 white imps
  3 adder zombies
  6 worms
  2 dart slugs
  4 leopard geckos
  22 orcs
  5 giant cockroaches
  10 goblins
  7 hobgoblins
  11 jackals
  3 quokkas
  A ball python (D:5)
  5 bats
  3 frilled lizards
  A gnoll zombie (Ossuary)
  A hobgoblin zombie (Ossuary)
  A jackal skeleton (D:6)
  2 jackal zombies (Ossuary)
  12 kobolds
  A kobold zombie (Ossuary)
  6 rats
  3 rat zombies
  A fungus (Lair:1)
207 creatures vanquished.

Notes
Turn   | Place    | Note
-------+----------+-------------------------------------------
     0 | D:1      | Space443 the Minotaur Berserker began the quest for the
                  | Orb.
     0 | D:1      | Reached XP level 1. HP: 19/19 MP: 0/0
   292 | D:1      | Reached skill level 4 in Axes
   540 | D:1      | Reached XP level 2. HP: 27/27 MP: 1/1
  1339 | D:2      | Reached XP level 3. HP: 22/33 MP: 2/2
  1476 | D:2      | Reached ** piety under Trog
  1953 | D:3      | Reached skill level 5 in Axes
  2249 | D:3      | Reached XP level 4. HP: 27/41 MP: 3/3
  2381 | D:3      | Noticed Robin
  2385 | D:3      | Reached skill level 6 in Axes
  2392 | D:3      | Reached XP level 5. HP: 37/47 MP: 4/4
  2394 | D:3      | Killed Robin
  2394 | D:3      | Reached skill level 5 in Fighting
  3492 | D:4      | Reached skill level 7 in Axes
  3492 | D:4      | Reached XP level 6. HP: 43/56 MP: 5/5
  4023 | D:4      | Found a white marble altar of Elyvilon.
  4355 | D:5      | Entered Level 5 of the Dungeon
  4508 | D:5      | Noticed a sky beast
  4512 | D:5      | Killed a sky beast
  4512 | D:5      | Reached XP level 7. HP: 63/63 MP: 6/6
  4610 | D:5      | Found a staircase to the Ecumenical Temple.
  4615 | D:5      | Reached skill level 8 in Axes
  4695 | D:5      | Found an opulent altar of Gozag.
  4696 | D:5      | Found an ancient bone altar of Kikubaaqudgha.
  4709 | D:5      | Found Xiusolis's Weapon Shop.
  4719 | D:5      | Reached *** piety under Trog
  4835 | Temple   | Entered the Ecumenical Temple
  5276 | D:6      | Found a sand-covered staircase.
  5341 | Ossuary  | Entered an ossuary
  5853 | D:6      | Noticed a yak
  5854 | D:6      | Noticed a yak
  5856 | D:6      | Noticed a yak
  5861 | D:6      | Killed a yak
  5861 | D:6      | Reached skill level 9 in Axes
  5861 | D:6      | Reached XP level 8. HP: 50/71 MP: 7/7
  6354 | D:6      | Reached skill level 5 in Armour
  6551 | D:6      | Reached skill level 10 in Axes
  7245 | D:5      | Bought a +4 broad axe of electrocution for 320 gold pieces
  7524 | D:7      | Noticed Pikel
  7535 | D:7      | Killed Pikel
  7535 | D:7      | Reached skill level 11 in Axes
  7535 | D:7      | Reached XP level 9. HP: 74/81 MP: 8/8
  7585 | D:7      | Found a snail-covered altar of Cheibriados.
  7706 | D:7      | Found a bloodstained altar of Trog.
  8128 | D:7      | Found a runed translucent door.
  8130 | D:7      | Noticed raph's ghost (novice DECj)
  8393 | D:8      | Reached **** piety under Trog
  8513 | D:8      | Noticed Grum
  8517 | D:8      | Reached skill level 12 in Axes
  8517 | D:8      | Reached skill level 5 in Dodging
  8528 | D:8      | Killed Grum
  9259 | D:8      | Found a runed translucent gate.
  9260 | D:8      | Found a runed translucent gate.
  9260 | D:8      | Found a runed translucent gate.
  9262 | D:8      | Noticed mortelune's ghost (novice FoAK)
  9263 | D:8      | Found a viscous altar of Jiyva.
  9662 | D:8      | Reached skill level 13 in Axes
  9663 | D:8      | Reached XP level 10. HP: 80/93 MP: 9/9
  9669 | D:8      | Killed mortelune's ghost
  9669 | D:8      | Reached skill level 10 in Fighting
  9736 | D:9      | Noticed a two-headed ogre
 10013 | D:9      | Killed a two-headed ogre
 10250 | D:9      | Reached skill level 14 in Axes
 10483 | D:9      | Found a staircase to the Lair.
 10811 | D:9      | Reached ***** piety under Trog
 11047 | Lair:1   | Entered Level 1 of the Lair of Beasts
 11088 | Lair:1   | Reached skill level 15 in Axes
 11148 | Lair:1   | Killed from afar by an electric eel

Illustrated notes

Levels and vault maps discovered:
D:1:      matt_arrival_grand_opening, layout_basic
D:2:      layout_loops_corners, first_ration, chequers_serial_rivers_micro_b
D:3:      layout_loops_ring, serial_rivers, chequers_serial_rivers_small_b,
          chequers_serial_rivers_micro_b, chequers_serial_rivers_room_a,
          chequers_serial_rivers_room_a, chequers_serial_rivers_micro_b,
          minmay_increasing_density, uniq_robin
D:4:      layout_loops_ring, nicolae_overflow_crystal_walls
D:5:      layout_rooms, gammafunk_temple_overflow_statue,
          minmay_temple_entry_butterflies, serial_shops, nicolae_shop_trees
D:6:      layout_basic, enter_ossuary_4
D:7:      layout_basic, kennysheep_little_box, ebering_ghost_reflecting_pool,
          lemuel_centaur_altar, uniq_pikel
D:8:      layout_basic, gammafunk_ghost_ooze, grunt_pizzeria,
          minmay_misc_feat_alley, minmay_starry_boxes, uniq_grum
D:9:      layout_cross, dpeg_oklobed_lair
Temple:   hc_temple_tempest_star
Lair:1:   layout_cave_pods, lemuel_fruit_fields, serial_bayou_shore_a

Skill      XL: |  1  2  3  4  5  6  7  8  9 10 |
---------------+-------------------------------+-----
Axes           | 4 5 6 7 9 11 13 15 | 15.0
Fighting       | 4 5 6 8 9 11 | 11.3
Armour         | 3 4 5 |  5.0
Dodging        | 3 5 |  5.0

Action                   |  1- 3 |  4- 6 |  7- 9 | 10-12 || total
-------------------------+-------+-------+-------+-------++-------
Melee: Hand axe          |    78 |       |       |       ||    78
       Headbutt          |    10 |    14 |    36 |     5 ||    65
       War axe           |     7 |    83 |    92 |       ||   182
       Broad axe         |       |       |   110 |    80 ||   190
Throw: Dart              |       |       |       |     3 ||     3
Invok: Berserk           |       |     1 |       |       ||     1
  Use: Scroll            |       |     4 |    20 |       ||    24
       Potion            |       |       |       |     1 ||     1
  Eat: Ration            |     1 |     3 |     4 |     1 ||     9
Armor: Animal skin       |    12 |       |       |       ||    12
       Leather armour    |     1 |    13 |       |       ||    14
       Chain mail        |       |     5 |   122 |    41 ||   168
Dodge: Dodged            |    48 |    55 |    99 |    51 ||   253

Table legend:
 A = Non-vault XP
 B = Vault XP
 C = Vault XP percentage of total XP
 D = Non-vault monster count
 E = Vault monster count
 F = Vault count percentage of total count
                 A         B        C        D         E       F
            +---------+---------+-------+---------+---------+-------
      Total |    7299 |    3061 |  29.5 |     157 |      49 |  23.8
            +---------+---------+-------+---------+---------+-------
        D:1 |      19 |       0 |   0.0 |      11 |       0 |   0.0
        D:2 |      44 |       0 |   0.0 |      20 |       0 |   0.0
        D:3 |     183 |      53 |  22.5 |      30 |      13 |  30.2
        D:4 |     175 |       0 |   0.0 |      10 |       0 |   0.0
        D:5 |     456 |       0 |   0.0 |       7 |       0 |   0.0
        D:6 |     683 |       2 |   0.3 |      15 |       2 |  11.8
        D:7 |     739 |    1098 |  59.8 |      16 |       5 |  23.8
        D:8 |     799 |    1639 |  67.2 |       9 |      13 |  59.1
        D:9 |    2747 |       0 |   0.0 |      33 |       0 |   0.0
     Lair:1 |    1454 |       0 |   0.0 |       6 |       0 |   0.0
    Ossuary |       0 |     269 | 100.0 |       0 |      16 | 100.0
            +---------+---------+-------+---------+---------+-------
